 Dungeon Crawl Stone Soup version 0.30-a0-852-g08b95dd62f (webtiles) character file.

Game seed: 4925021942337228908

8068 Gorgondantess the Conjurer (level 10, -1/81 HPs)
             Began as a Demigod Reaver on Mar 4, 2023.
             Slain by a freezing wraith (8 damage)
             ... in an ice cave on Mar 5, 2023.
             The game lasted 00:32:58 (10569 turns).

Gorgondantess the Conjurer (Demigod Reaver)        Turns: 10569, Time: 00:32:58

Health: -1/81      AC:  9    Str: 17    XL:     10   Next: 76%
Magic:  12/20      EV: 16    Int: 29    God:
Gold:   662        SH:  0    Dex: 12    Spells: 4/18 levels left

rFire   . . .      SeeInvis .    K - +6 long sword (freeze)
rCold   + . .      Faith    .    (no shield)
rNeg    . . .      Spirit   .    b - +0 ring mail {rC+}
rPois   .          Reflect  .    I - +0 helmet
rElec   .          Rampage  .    (no cloak)
rCorr   .                        r - +0 pair of gloves
Will    +....                    t - +0 pair of boots
Stlth   ++                       u - amulet of regeneration
HPRegen 1.13/turn                V - +5 ring of evasion
MPRegen 0.17/turn                W - +6 ring of intelligence

@: slowed, very slow
A: high MP 1, forlorn, divine attributes
a: no special abilities


You were in an ice cave.
You visited 1 branch of the dungeon, and saw 11 of its levels.
You also visited: Ice Cave.

You collected 662 gold pieces.

Inventory:

Hand Weapons
 z - a +7 war axe
 K - a +6 long sword of freezing (weapon)
 N - a +1 heavy shortbow
 P - a +2 short sword of speed
Missiles
 s - 25 poisoned darts
 G - 4 curare-tipped darts
 M - 12 boomerangs of dispersal
 X - a throwing net
Armour
 b - a +0 ring mail of cold resistance (worn)
 c - a +0 buckler
 e - an orb of wrath
 g - an orb of guile
 r - a +0 pair of gloves (worn)
 t - a +0 pair of boots (worn)
 A - +0 acid dragon scales
 I - a +0 helmet (worn)
 L - a +1 ring mail of fire resistance
 Q - a +0 kite shield
Magical Staves
 k - a staff of fire
 S - a staff of conjuration
Jewellery
 u - an amulet of regeneration (around neck)
 J - a ring of wizardry
 R - an amulet of magic regeneration
 V - a +5 ring of evasion (left hand)
 W - a +6 ring of intelligence (right hand)
 Y - a ring of positive energy
Wands
 l - a wand of charming (3)
 F - a wand of flame (27)
 U - a wand of light (3)
Scrolls
 a - 2 scrolls of enchant weapon
 d - 4 scrolls of teleportation
 j - a scroll of blinking
 n - a scroll of enchant armour {unknown}
 o - a scroll of noise {unknown}
 B - 2 scrolls of fear {unknown}
 C - a scroll of summoning {unknown}
Potions
 f - 3 potions of brilliance
 h - 2 potions of ambrosia
 i - a potion of haste
 p - 5 potions of curing
 q - a potion of berserk rage
 v - 2 potions of resistance
 x - 2 potions of invisibility {unknown}
 D - 3 potions of cancellation {unknown}
 E - a potion of heal wounds
 O - 2 potions of mutation
 T - 3 potions of flight {unknown}
 Z - a potion of magic {unknown}
Miscellaneous
 y - a condenser vane


   Skills:
 * Level 5.4 Fighting
 - Level 3.4(5.0) Short Blades
 * Level 5.5(6.0) Long Blades
 + Level 4.6 Armour
 - Level 1.7 Dodging
 + Level 4.5 Stealth
 * Level 4.5 Spellcasting
 + Level 7.0 Conjurations
 * Level 4.5 Translocations
 + Level 5.8 Fire Magic
 * Level 4.0 Air Magic


You had 4 spell levels left.
You knew the following spells:

 Your Spells              Type           Power      Damage    Failure   Level
a - Kiss of Death         Conj/Necr      100%       2d13      2%          1
b - Momentum Strike       Conj/Tloc      80%        3d10      1%          2
c - Blink                 Tloc           66%        N/A       2%          2
d - Sticky Flame          Conj/Fire      44%        2d6       8%          4
e - Vhi's Electric Charg  Tloc/Air       62%        N/A       6%          3
f - Lesser Beckoning      Tloc           66%        N/A       2%          2

Your spell library contained the following spells:

 Spells                   Type           Power      Damage    Failure   Level
 Static Discharge         Conj/Air       76%        2-6/arc   1%          2
 Gell's Gravitas          Tloc           33%        N/A       5%          3
 Teleport Other           Tloc           33%        N/A       5%          3
 Hailstorm                Conj/Ice       26%        3d7       9%          3
 Ignite Poison            Fire/Tmut/Pois 17%        N/A       16%         3
 Arcjolt                  Conj/Air       19%        1d29      32%         5
 Lightning Bolt           Conj/Air       19%        1d33      32%         5
 Ignition                 Fire           20%        3d7       100%        8


Dungeon Overview and Level Annotations

Branches:
Dungeon (11/15)            Temple (0/1) D:6            Lair (0/5) D:11
    Orc (0/2) D:9           IceCv (1/1)

Shops:
D:2 (

Annotations:
D:11 Fannar


Innate Abilities, Weirdness & Mutations

You have an increased reservoir of magic. (+10% MP)
You shall have no god before yourself.
Your divine heritage dramatically boosts your attributes as you level up.


Message History

The freezing wraith hits you but does no damage.
The freezing wraith closely misses you. The freezing wraith hits you!
* * * LOW HITPOINT WARNING * * *
The freezing wraith freezes you! You resist.
* * * LOW HITPOINT WARNING * * *
The freezing wraith hits you but does no damage.
Okay, then.
Casting: Sticky Flame (dangerous; 8% risk of failure)
Confirm with . or Enter, or press ? or * to list all spells.
You blink.
You are too injured to fight recklessly!
Casting: Blink (safe; 2% risk of failure)
Confirm with . or Enter, or press ? or * to list all spells.
Aiming: Momentum Strike (safe; 1% risk of failure)
Press: ? - help, Dir - move target, f/p - freezing wraith
Aim: a freezing wraith (severely damaged, 76% to hit)
The concentrated momentum hits the freezing wraith.
The freezing wraith is severely damaged.
You are unable to move.
Unknown command.
You feel much better.
You feel stable enough to blink again. The freezing wraith hits you.
The freezing wraith freezes you. You resist.
* * * LOW HITPOINT WARNING * * *
The freezing wraith closely misses you.
You hit the freezing wraith.
The freezing wraith is severely damaged.
The freezing wraith hits you.
* * * LOW HITPOINT WARNING * * *
The freezing wraith freezes you! You resist.
* * * LOW HITPOINT WARNING * * *
The freezing wraith hits you.
* * * LOW HITPOINT WARNING * * *
The freezing wraith drains your vigour!
You feel as though you will be slow longer.
You slash the freezing wraith!
The freezing wraith is almost destroyed.
You are no longer robbed of momentum.
The freezing wraith misses you. The freezing wraith hits you!
You die...

##...## .#
##...## .#
#...## .#
##..## #
#..######
##.###...##
#..##.....##
#.W#...#...#
#.@..####..#
#...## #..##
##.## ##..##
# ### #...##
≈ ##....## #
#......# ##
##.....####.
#.......##..
#..........#


You could see a freezing wraith.

Vanquished Creatures
  A cyclops (D:10)
  2 rime drakes (D:11)
  A kobold demonologist (D:9)
  A freezing wraith (IceCv)
  A troll (D:11)
  Grinder (D:4)
  A wraith (D:8)
  Sigmund (D:3)
  4 yaks (D:10)
  2 wyverns
  3 death yak simulacra (IceCv)
  A steam dragon (D:7)
  Edmund (D:4)
  4 wargs (D:9)
  An acid dragon (D:10)
  A hydra simulacrum (IceCv)
  Duvessa (D:4)
  2 orc warriors
  An ice beast (D:7)
  A sky beast (D:7)
  An ogre (D:5)
  5 centaurs
  5 kobold brigands
  2 phantoms
  3 gnoll sergeants
  2 cane toad simulacra (IceCv)
  A two-headed ogre simulacrum (IceCv)
  A scorpion (D:3)
  14 wights
  Dowan (D:4)
  2 elephant simulacra (IceCv)
  A howler monkey (D:6)
  3 orc priests
  6 hounds
  3 jellies
  2 gnoll boudas (D:7)
  A sleepcap (D:4)
  3 iguanas
  An orc wizard (D:7)
  2 troll simulacra (IceCv)
  A spriggan simulacrum (IceCv)
  2 wolf simulacra (IceCv)
  11 adders
  16 gnolls
  A naga simulacrum (IceCv)
  2 white imps
  A worm (D:4)
  3 dart slugs
  19 orcs
  5 endoplasms
  4 giant cockroaches
  7 hobgoblins
  4 jackals (D:3)
  33 kobolds
  2 quokkas
  7 ball pythons
  2 bats
  3 frilled lizards
  10 goblins
  5 rats
228 creatures vanquished.

Vanquished Creatures (others)
  31 plants (D:7)
31 creatures vanquished.

Grand Total: 259 creatures vanquished

Notes
Turn   | Place    | Note
-------+----------+-------------------------------------------
     0 | D:1      | Gorgondantess the Demigod Reaver began the quest for the
                  | Orb.
     0 | D:1      | Reached XP level 1. HP: 17/17 MP: 5/5
   437 | D:1      | Reached XP level 2. HP: 24/24 MP: 7/7
   440 | D:1      | Learned a level 2 spell: Momentum Strike
   752 | D:2      | Found Voytruf's Weapon Shop.
  1371 | D:2      | Reached skill level 3 in Conjurations
  1371 | D:2      | Reached XP level 3. HP: 19/28 MP: 5/8
  1519 | D:2      | Learned a level 2 spell: Blink
  1643 | D:3      | Noticed Sigmund
  1656 | D:3      | Killed Sigmund
  1657 | D:3      | Reached skill level 1 in Short Blades
  1657 | D:3      | Reached skill level 1 in Translocations
  1657 | D:3      | Reached XP level 4. HP: 38/38 MP: 6/10
  1657 | D:3      | Reached XP level 5. HP: 45/45 MP: 6/11
  2782 | D:4      | Reached XP level 6. HP: 51/51 MP: 9/12
  2862 | D:4      | Learned a level 4 spell: Sticky Flame
  2974 | D:4      | Noticed Grinder
  3006 | D:4      | Paralysed by Grinder for 2 turns
  3020 | D:4      | Paralysed by Grinder for 5 turns
  3025 | D:4      | Killed Grinder
  3026 | D:4      | Reached skill level 1 in Stealth
  3026 | D:4      | Reached skill level 4 in Conjurations
  3026 | D:4      | Reached skill level 1 in Fire Magic
  3188 | D:4      | Noticed Dowan
  3189 | D:4      | Noticed Duvessa
  3216 | D:4      | Killed Dowan
  3217 | D:4      | Reached XP level 7. HP: 31/58 MP: 8/14
  3241 | D:4      | Killed Duvessa
  3785 | D:4      | Noticed Edmund
  3803 | D:4      | Killed Edmund
  4054 | D:5      | Entered Level 5 of the Dungeon
  4156 | D:5      | Reached skill level 1 in Armour
  4182 | D:5      | Reached skill level 5 in Conjurations
  4393 | D:5      | Reached XP level 8. HP: 59/60 MP: 15/15
  5223 | D:6      | Found a staircase to the Ecumenical Temple.
  5741 | D:7      | Reached skill level 6 in Conjurations
  6204 | D:7      | Reached skill level 5 in Fire Magic
  6336 | D:7      | Reached XP level 9. HP: 70/71 MP: 17/17
  6419 | D:7      | Learned a level 3 spell: Vhi's Electric Charge
  6486 | D:7      | Reached skill level 1 in Air Magic
  7283 | D:8      | You fall into a shaft and drop 2 floors!
  7283 | D:10     | Entered Level 10 of the Dungeon
  7384 | D:9      | Found a staircase to the Orcish Mines.
  8246 | D:8      | Learned a level 2 spell: Lesser Beckoning
  8352 | D:8      | Reached XP level 10. HP: 42/79 MP: 12/19
  9057 | D:10     | Noticed a cyclops
  9069 | D:10     | Killed a cyclops
  9440 | D:10     | Reached skill level 5 in Fighting
  9448 | D:10     | Reached skill level 5 in Long Blades
  9915 | D:11     | Noticed Fannar
  9937 | D:11     | Found a frozen archway.
 10005 | IceCv    | Entered an ice cave
 10179 | IceCv    | Reached skill level 7 in Conjurations
 10569 | IceCv    | Slain by a freezing wraith

Illustrated notes

Levels and vault maps discovered:
D:1:      beargit_arrival_diablo_church, layout_loops_ring,
          ebering_ecumenical_altar_box
D:2:      layout_loops_ring, serial_shops, nicolae_diamond_shop
D:3:      layout_basic, minmay_strange_pillars, dreamdust_princess_corridor,
          uniq_sigmund
D:4:      layout_loops_corners, minmay_strange_pillars,
          hangedman_abyss_or_decor_stagger, minmay_cupped, uniq_grinder,
          uniq_duvessa, uniq_edmund
D:5:      layout_basic, mainiacjoe_overflow_paths
D:6:      layout_cave_pods, minmay_temple_entry_statues_pillars
D:7:      kennysheep_housing_project, layout_basic, hangedman_glass_teeth,
          minmay_unpleasant_kobolds
D:8:      layout_gridville
D:9:      layout_basic, minmay_orc_entry_guard_dogs,
          nicolae_elevator_lobby_asterisk
D:10:     layout_roguey, nicolae_overflow_quartered_altars
D:11:     layout_cave_pools, erik_lair_orcish_takeover, portal_ice_cave_rime,
          special_room [special_room_kobold], uniq_fannar
IceCv:    ice_cave_small_necro

Skill      XL: |  1  2  3  4  5  6  7  8  9 10 |
---------------+-------------------------------+-----
Fighting       | 2 3 4 5 |  5.4
Spellcasting   | 2 3 4 |  4.5
Long Blades    | 3 4 5 |  5.5
Conjurations   | 3 4 5 6 7 |  7.0
Short Blades   | 1 2 3 |  3.4
Translocations | 1 2 3 4 |  4.5
Stealth        | 1 2 3 4 |  4.5
Fire Magic     | 1 3 5 |  5.8
Armour         | 1 2 4 |  4.6
Air Magic      | 2 4 |  4.0
Dodging        | |  1.7

Action                     |  1- 3 |  4- 6 |  7- 9 | 10-12 || total
---------------------------+-------+-------+-------+-------++-------
  Melee: Falchion          |    67 |       |       |       ||    67
         Dagger            |    30 |   104 |   195 |       ||   329
         Punch             |       |     2 |     3 |     2 ||     7
         Long sword        |       |       |   222 |    75 ||   297
  Throw: Dart              |       |       |     3 |       ||     3
   Cast: Momentum Strike   |     2 |    13 |    54 |     7 ||    76
         Blink             |       |     1 |     9 |     1 ||    11
         Kiss of Death     |       |       |     3 |       ||     3
         Sticky Flame      |       |       |    17 |    24 ||    41
         Lesser Beckoning  |       |       |     2 |    11 ||    13
  Evoke: Wand              |       |       |       |     3 ||     3
    Use: Potion            |       |     1 |     3 |     1 ||     5
         Scroll            |       |       |    17 |     1 ||    18
   Stab: Sleeping          |       |       |     2 |     1 ||     3
 Armour: Leather armour    |    26 |    24 |    53 |       ||   103
         Ring mail         |       |       |   116 |    26 ||   142
         Acid dragon scale |       |       |       |     7 ||     7
  Dodge: Dodged            |    65 |    52 |   311 |    99 ||   527

Table legend: (Time is in decaauts)
 A = Elapsed time spent in this place.
 B = Non-inter-level travel time spent in this place.
 C = Inter-level travel time spent in this place.
 D = Time resting spent in this place.
 E = Time spent auto-exploring this place.
 F = Levels seen in this place.
 G = Mean time per level.
                   A        B        C        D        E       F      G
               +--------+--------+--------+--------+--------+-----+--------+
         Total |  10607 |  10111 |    496 |   1003 |   6751 |  12 |  883.9 |
       Dungeon |  10022 |   9526 |    496 |    724 |   6643 |  11 |  911.1 |
      Ice Cave |    584 |    584 |      0 |    279 |    108 |   1 |  584.0 |
               +--------+--------+--------+--------+--------+-----+--------+

Top non-repeatable levels by time:
     D:7: 1568 daAuts
     D:4: 1330 daAuts
     D:3: 1178 daAuts
    D:10: 1017 daAuts
     D:9: 926 daAuts
     D:6: 833 daAuts
     D:8: 795 daAuts
     D:2: 787 daAuts
     D:1: 770 daAuts
     D:5: 711 daAuts
   IceCv: 584 daAuts
    D:11: 103 daAuts
